 Dungeon Crawl Stone Soup version 0.24.0-125-gc4c63601f3 (webtiles) character file.

Game seed: 12870809186545820628, levelgen mode: deterministic

265 Frank2 the Cudgeler (level 5, 0/39 HPs)
             Began as a Demonspawn Gladiator on Mar 7, 2020.
             Succumbed to a scorpion's poison
             ... on level 4 of the Dungeon.
             The game lasted 00:04:40 (2634 turns).

Frank2 the Cudgeler (Demonspawn Gladiator)          Turns: 2634, Time: 00:04:42

Health: 0/39       AC: 10    Str: 14    XL:     5   Next: 99%
Magic:  5/6        EV: 12    Int: 15    God:
Gold:   113        SH:  0    Dex: 15    Spells: 4/4 levels left

rFire    . . .     SeeInvis .   a - +0 flail
rCold    . . .     Gourm    .   (no shield)
rNeg     . . .     Faith    .   j - +3 ring mail
rPois    .         Spirit   +   c - +1 helmet
rElec    .         Reflect  .   k - scarf {Spirit}
rCorr    .         Harm     .   (no gloves)
MR       .....                  (no boots)
Stlth    +.........             b - amulet of regeneration
HPRegen  0.53/turn              (no ring)
MPRegen  0.10/turn              (no ring)

@: brilliant, lethally poisoned (0 -> -6)
A: claws 1, talons 2, demonic guardian 1, screaming 1
a: no special abilities


You were on level 4 of the Dungeon.
You were not hungry.

You visited 1 branch of the dungeon, and saw 4 of its levels.

You collected 113 gold pieces.

Inventory:

Hand Weapons
 a - a +0 flail (weapon)
Missiles
 d - 4 throwing nets (quivered)
Armour
 c - a +1 helmet (worn)
 j - a +3 ring mail (worn)
 k - a scarf of spirit shield (worn)
Jewellery
 b - an amulet of regeneration (around neck)
Wands
 l - a wand of paralysis (8)
Scrolls
 h - a scroll of magic mapping
Potions
 e - a potion of flight
 g - a potion of brilliance
Comestibles
 f - 5 rations
 m - a chunk of flesh


   Skills:
 + Level 2.7 Fighting
 + Level 4.6 Maces & Flails
 - Level 1.7 Throwing
 + Level 1.8 Armour
 + Level 3.4 Dodging
 * Level 1.5 Evocations


You had 4 spell levels left.
You didn't know any spells.
Your spell library was empty.

Dungeon Overview and Level Annotations

Branches:
Dungeon (4/15)
 Temple: D:4-7

Altars:
Cheibriados
Ru
Uskayaw
Yredelemnul

Annotations:
D:3 martbhell's ghost, novice GrGl


Innate Abilities, Weirdness & Mutations

You have sharp fingernails.
A weak demonic guardian rushes to your aid.
You have razor-sharp toenails.
You occasionally shout uncontrollably at your foes.


Message History

You feel sick.
Your quasit bites the scorpion but does no damage.
Your quasit closely misses the scorpion.
Your quasit barely misses the scorpion.
The scorpion closely misses your quasit.
Your quasit bites the scorpion but does no damage.
Your quasit claws the scorpion but does no damage.
Your quasit claws the scorpion.
* * * LOW HITPOINT WARNING * * *
You feel sick.
Your quasit misses the scorpion.
Your quasit barely misses the scorpion.
Your quasit misses the scorpion.
The scorpion completely misses your quasit.
* * * LOW HITPOINT WARNING * * *
You feel sick.
Your quasit barely misses the scorpion.
Your quasit claws the scorpion but does no damage.
Your quasit closely misses the scorpion.
The scorpion stings your quasit.
You see here a potion of brilliance.
g - a potion of brilliance You die...

#......# ##8##
##.....##8...8
#.#...##.....
##.#.#.#_.....
#......##.....
.......##8...8 .......#
##8##
.......###############.#
........##......@.......
............5...........
....###.#.#s###.#####..#
....# #.#....5#.# #
....# #.#.#.#s...#
#.#####.#.#.#....#
........###..(...#
).......# ......##
.......## ......#


You could see a scorpion and a friendly quasit.

Vanquished Creatures
  Blork the orc (D:4)
  A hound (D:4)
  A bullfrog skeleton (D:4)
  Ijyb (D:3)
  4 adders
  A worker ant simulacrum (D:3)
  An adder skeleton (D:4)
  4 worms
  5 dart slugs
  A leopard gecko (D:1)
  4 giant cockroaches
  8 goblins
  3 hobgoblins
  A ball python (D:3)
  4 bats
  A frilled lizard (D:3)
  A giant cockroach simulacrum (D:3)
  5 kobolds
  A leopard gecko simulacrum (D:3)
  2 quokka skeletons (D:4)
  6 rats
56 creatures vanquished.

Vanquished Creatures (collateral kills)
  A hound (D:4)
  An adder (D:4)
2 creatures vanquished.

Vanquished Creatures (others)
  A plant (D:4)
1 creature vanquished.

Grand Total: 59 creatures vanquished

Notes
Turn   | Place    | Note
-------+----------+-------------------------------------------
     0 | D:1      | Frank2 the Demonspawn Gladiator began the quest for the
                  | Orb.
     0 | D:1      | Reached XP level 1. HP: 16/16 MP: 1/1
   124 | D:1      | Reached skill level 3 in Maces & Flails
   124 | D:1      | Gained mutation: You have sharp fingernails. [demonic
                  | ancestry]
   124 | D:1      | Reached XP level 2. HP: 22/22 MP: 2/2
   942 | D:2      | Gained mutation: A weak demonic guardian rushes to your
                  | aid. [demonic ancestry]
   942 | D:2      | Reached XP level 3. HP: 27/27 MP: 3/3
  1733 | D:3      | Found a runed translucent gate.
  1733 | D:3      | Found a runed translucent gate.
  1733 | D:3      | Found a runed translucent gate.
  1764 | D:3      | Found a sacrificial altar of Ru.
  1783 | D:3      | Noticed martbhell's ghost (novice GrGl)
  1808 | D:3      | Reached XP level 4. HP: 34/34 MP: 4/4
  1943 | D:3      | Noticed Ijyb
  1976 | D:3      | Killed Ijyb
  1976 | D:3      | Reached skill level 1 in Armour
  2047 | D:3      | Reached skill level 4 in Maces & Flails
  2130 | D:3      | Found a basalt altar of Yredelemnul.
  2166 | D:3      | Found a snail-covered altar of Cheibriados.
  2482 | D:4      | Reached XP level 5. HP: 19/39 MP: 2/5
  2518 | D:4      | Reached skill level 1 in Evocations
  2525 | D:4      | Noticed Blork the orc
  2532 | D:4      | Killed Blork the orc
  2546 | D:4      | Found a hide-covered altar of Uskayaw.
  2628 | D:4      | Gained mutation: You occasionally shout uncontrollably at
                  | your foes. [potion of mutation]
  2628 | D:4      | Gained mutation: You have sharp toenails. [potion of
                  | mutation]
  2628 | D:4      | Gained mutation: You have razor-sharp toenails. [potion of
                  | mutation]
  2633 | D:4      | HP: 1/39 [poisoned by a scorpion]
  2634 | D:4      | Succumbed to a scorpion's poison

Levels and vault maps discovered:
D:1:      dpeg_arrival_connections, layout_basic
D:2:      layout_loops_ring
D:3:      layout_basic, marbit_many_paths, kennysheep_slug_shrine,
          overflow_temple_1_default, gammafunk_ghost_icy,
          guppyfry_early_lair_pool, uniq_ijyb
D:4:      layout_basic, grunt_temple_overflow_forces_of_nature,
          nicolae_overflow_hidden_temple, uniq_blork_the_orc

Skill      XL: |  1  2  3  4  5 |
---------------+----------------+-----
Maces & Flails | 3 4 |  4.6
Dodging        | 3 |  3.4
Armour         | 1 |  1.8
Evocations     | 1 |  1.5
Fighting       | |  2.7
Throwing       | |  1.7

Action                   |  1- 3 |  4- 6 || total
-------------------------+-------+-------++-------
Melee: Flail             |    92 |   144 ||   236
Throw: Throwing net      |       |     2 ||     2
  Use: Scroll            |     5 |     1 ||     6
       Potion            |       |     2 ||     2
 Stab: Sleeping          |     1 |       ||     1
       Distracted        |       |     1 ||     1
  Eat: Chunk             |     2 |     4 ||     6
Armor: Leather armour    |     9 |       ||     9
       Ring mail         |    13 |    83 ||    96
Dodge: Dodged            |    50 |   128 ||   178
